 Dungeon Crawl Stone Soup version 0.17-a0-957-ga3519be (webtiles) character file.

271 FedoraBrony69 the Conjurer (level 6, -2/32 HPs)
             Began as a Deep Elf Conjurer on May 7, 2015.
             Was an Initiate of Sif Muna.
             Slain by chequers's ghost (10 damage)
             ... on level 4 of the Dungeon.
             The game lasted 00:07:22 (3162 turns).

FedoraBrony69 the Conjurer (Deep Elf Conjurer)      Turns: 3162, Time: 00:07:24

Health: -2/32      AC: 11    Str:  5    XL:     6   Next: 2%
Magic:  4/16       EV: 13    Int: 22    God:    Sif Muna [......]
Gold:   157        SH:  0    Dex: 15    Spells: 3 memorised, 6 levels left

rFire  . . .     SeeInvis .     x - +1 trident (protect)
rCold  . . .     Clarity  .     a - +0 robe
rNeg   . . .     SustAb   .     (no shield)
rPois  .         Gourm    .     z - +0 helmet
rElec  .         Spirit   .     l - +0 cloak
rCorr  .         Warding  .     r - +0 pair of gloves
rMut   +         Stasis   .     n - +0 pair of boots
MR     .....                    e - amulet of resist mutation
Stlth  ++........               (no ring)
                                (no ring)

@: not resistant to hostile enchantments, unstealthy
A: no striking features
a: Renounce Religion


You were on level 4 of the Dungeon.
You worshipped Sif Muna.
Sif Muna was noncommittal.
You were hungry.

You visited 1 branch of the dungeon, and saw 4 of its levels.

You collected 157 gold pieces.

Inventory:

Hand weapons
 x - a +1 trident of protection (weapon)
Armour
 a - a +0 robe (worn)
 l - a +0 cloak (worn)
 n - a +0 pair of boots (worn)
 r - a +0 pair of gloves (worn)
 z - a +0 helmet (worn)
Jewellery
 e - an amulet of resist mutation (around neck)
Magical devices
 q - a wand of slowing (31)
Scrolls
 d - a scroll of magic mapping
 i - a scroll of teleportation
 j - 3 scrolls of remove curse
 m - 3 scrolls of identify
 s - 2 scrolls of blinking {unknown}
Potions
 f - a potion of brilliance {unknown}
 g - 2 potions of degeneration {unknown}
 k - a potion of curing {unknown}
 o - a potion of lignification {unknown}
 u - a potion of heal wounds {unknown}
Books
 b - a book of Conjurations

   Spells                             Type                      Level
   a - Magic Dart                     Conjuration                  1
   b - Searing Ray                    Conjuration                  2
   c - Dazzling Spray                 Conjuration/Hexes            3
   d - Fulminant Prism                Conjuration/Hexes            4
   e - Iskenderun's Mystic Blast      Conjuration                  4
   f - Iskenderun's Battlesphere      Conjuration/Charms           5
Comestibles
 c - 2 bread rations
 h - 3 chunks of flesh
 p - a slice of pizza
 t - a meat ration
 v - a beef jerky
 w - 5 fruits


   Skills:
 - Level 2.4 Dodging
 - Level 2.4 Stealth
 + Level 5.8 Spellcasting
 + Level 6.2 Conjurations
 * Level 3.2 Charms


You had 6 spell levels left.
You knew the following spells:

 Your Spells              Type           Power        Failure   Level  Hunger
a - Magic Dart            Conj           ####         1%          1    None
b - Iskenderun's Battles  Conj/Chrm      ####....     38%         5    #####..
c - Iskenderun's Mystic   Conj           ####....     10%         4    ####...


Dungeon Overview and Level Annotations

Branches:
Dungeon (4/15)
 Temple: D:4-7

Altars:
Cheibriados
Dithmenos
Okawaru
Ru
Sif Muna
Zin
The Shining One

Annotations:
D:4 chequers's ghost, experienced FoFi


Message History

You are feeling hungry.
Chequers's ghost closely misses you.
You hit chequers's ghost.
Chequers's ghost is heavily damaged.
Chequers's ghost hits you but does no damage.
Chequers's ghost closely misses you.
You barely miss chequers's ghost.
Chequers's ghost is heavily damaged.
Chequers's ghost hits you but does no damage.
You hit chequers's ghost but do no damage.
Chequers's ghost is heavily damaged.
Chequers's ghost hits you.
You hit chequers's ghost but do no damage.
Chequers's ghost is heavily damaged.
Chequers's ghost whispers, "You will understand me better in a moment."
Chequers's ghost hits you!!
Ouch! That really hurt!
* * * LOW HITPOINT WARNING * * *
Chequers's ghost hits you!
You die...

### #..# #..#
######..#####
#.............
##.....########
### #......#
#.#### ##.....##
##...#####
#....###
#........##
##@.##
#.........###W.##
#.....>....#.###
#.....).....##
#...........#
#....(......##
#............#
#............#
#............#


You could see chequers's ghost.

Vanquished Creatures
  A phantom (D:4)
  The ghost of FedoraBrony69 the Conjurer, a weakling DECj (D:3)
  A worker ant (D:4)
  3 adders
  2 oozes
  A worm (D:4)
  3 giant geckos
  An orc (D:3)
  8 bats
  4 giant cockroaches
  11 goblins
  12 hobgoblins
  8 jackals
  3 giant newts
  12 kobolds
  A quokka (D:4)
  9 rats
81 creatures vanquished.

Notes
Turn   | Place    | Note
--------------------------------------------------------------
     0 | D:1      | FedoraBrony69, the Deep Elf Conjurer, began the quest for the Orb.
     0 | D:1      | Reached XP level 1. HP: 10/10 MP: 6/6
   131 | D:1      | Reached XP level 2. HP: 15/15 MP: 0/8
   774 | D:1      | Reached XP level 3. HP: 19/19 MP: 8/10
   849 | D:1      | Reached skill level 5 in Conjurations
  1300 | D:2      | Found a glowing silver altar of Zin.
  1311 | D:2      | Found an iron altar of Okawaru.
  1387 | D:2      | Reached XP level 4. HP: 24/24 MP: 4/12
  1720 | D:3      | Noticed FedoraBrony69's ghost (weakling DECj)
  1914 | D:2      | Learned a level 4 spell: Iskenderun's Mystic Blast
  1941 | D:3      | Killed FedoraBrony69's ghost
  1941 | D:3      | Reached skill level 5 in Spellcasting
  2135 | D:3      | Found a shadowy altar of Dithmenos.
  2138 | D:3      | Found a deep blue altar of Sif Muna.
  2139 | D:3      | Found a glowing golden altar of the Shining One.
  2141 | D:3      | Found a sacrificial altar of Ru.
  2153 | D:3      | Became a worshipper of Sif Muna the Loreminder
  2610 | D:3      | Found a snail-covered altar of Cheibriados.
  2756 | D:4      | Reached XP level 5. HP: 28/28 MP: 7/14
  2781 | D:4      | Learned a level 5 spell: Iskenderun's Battlesphere
  2843 | D:4      | Reached skill level 1 in Charms
  2849 | D:4      | Noticed a phantom
  2869 | D:4      | Killed a phantom
  2869 | D:4      | Reached skill level 6 in Conjurations
  3024 | D:4      | Reached XP level 6. HP: 27/32 MP: 9/16
  3143 | D:4      | Noticed chequers's ghost (experienced FoFi)
  3162 | D:4      | Slain by chequers's ghost

Action                   |  1- 3 |  4- 6 || total
-------------------------+-------+-------++-------
Melee: Unarmed           |     6 |       ||     6
       Dagger            |     3 |     1 ||     4
       Trident           |       |     9 ||     9
 Cast: Magic Dart        |    88 |    91 ||   179
       Iskenderun's Myst |       |     5 ||     5
  Use: Scroll            |       |     4 ||     4
  Eat: Chunk             |       |     6 ||     6
       Fruit             |       |     1 ||     1
